 Dungeon Sprint DCSS version 0.30-a0-141-g30f27751c5 (webtiles) character file.

Game seed: 16602563812008123452

175189 mhtbhm the Petrodigitator (level 16, -18/84 HPs)
             Began as a Gargoyle Earth Elementalist on Sept 25, 2022.
             Was the Champion of Vehumet.
             Blown up by Boris (72 damage)
             ... with an orb of destruction
             ... in the Dungeon (Sprint III: "The Ten Rune Challenge").
             The game lasted 00:49:52 (12079 turns).

mhtbhm the Petrodigitator (GrEE)                   Turns: 12079, Time: 00:49:53

Health: -18/84     AC: 22    Str: 12    XL:     16   Next: 57%
Magic:  31/51      EV: 19    Int: 27    God:    Vehumet [******]
Gold:   5134       SH:  5    Dex: 12    Spells: 7/69 levels left

rFire   + . .      SeeInvis +    k - staff of earth
rCold   . . .      Faith    .    (no shield)
rNeg    + + +      Spirit   .    a - +1 robe "Zasaja" {rF+ rN++ Int-2}
rPois   ∞          Reflect  +    J - +1 hat {Will+}
rElec   +          Harm     .    j - +0 cloak
rCorr   +          Rampage  .    w - +2 pair of gloves of the Pit {Regen+ Int+2 Dex+4}
Will    ++...      NoTele   +    (no boots)
Stlth   +++++.....               F - amulet of reflection
HPRegen 1.04/turn                E - ring "Teom" {rF- rCorr MP+9 Slay+3 SInv}
MPRegen 0.32/turn                G - ring of Wiggequc {rF+ EV+4 Int+3}

@: flying
A: sickness immunity, AC +12, big wings, negative energy resistance 1,
electricity resistance, torment resistance 1, petrification resistance,
iridescent scales 1, clumsy 1, low MP 1
}: 4/10 runes: decaying, serpentine, silver, golden
a: Renounce Religion


You were in the Dungeon.
You worshipped Vehumet.
Vehumet was exalted by your worship.
You visited 1 branch You collected 9084 gold pieces.
You spent 3950 gold pieces at shops.

Inventory:

Hand Weapons
 R - the +6 Majin-Bo {vamp, MP+6 Int+6}
   (You acquired it in the Dungeon)

   It heals its wielder for a portion of the damage dealt when they wound a
   living foe with it or with a spell.
   Its wielder's spells cost health as well as magical power.
   Int:       It affects your intelligence (+6).
   MP:        It affects your magic capacity (+6).
Missiles
 n - 7 silver javelins
 t - 5 atropa-tipped darts
 u - 5 datura-tipped darts
 v - 7 curare-tipped darts
 B - a throwing net
Armour
 a - the +1 robe "Zasaja" (worn) {rF+ rN++ Int-2}
   (You found it in the Dungeon)

   Int:       It affects your intelligence (-2).
   rF:        It protects you from fire.
   rN:        It greatly protects you from negative energy.
 j - a +0 cloak (worn)
 w - the +2 pair of gloves of the Pit (worn) {Regen+ Int+2 Dex+4}
   (You acquired it in the Dungeon)

   Int:       It affects your intelligence (+2).
   Dex:       It affects your dexterity (+4).
   Regen:     It increases your rate of health regeneration.
 z - a +1 helmet of see invisible
 J - a +1 hat of willpower (worn)
 L - the +1 robe of Subjectivity {rF+ Will+ Int+4 Archmagi}
   (You bought it in a shop in the Dungeon)

   Int:       It affects your intelligence (+4).
   rF:        It protects you from fire.
   Archmagi:  It increases the power of your magical spells.
   Will:      It increases your willpower.
Magical Staves
 k - a staff of earth (weapon)
Jewellery
 i - a ring of protection from fire
 E - the ring "Teom" (left hand) {rF- rCorr MP+9 Slay+3 SInv}
   (You took it off a deep elf annihilator in the Dungeon)

   [ring of magical power]

   Slay:      It affects your accuracy & damage with ranged weapons and melee
   (+3).
   rF:        It makes you vulnerable to fire.
   MP:        It affects your magic capacity (+9).
   SInv:      It lets you see invisible.
   rCorr:     It protects you from acid and corrosion.
 F - an amulet of reflection (around neck)
 G - the ring of Wiggequc (right hand) {rF+ EV+4 Int+3}
   (You took it off a deep elf death mage in the Dungeon)

   [ring of evasion]

   EV:        It affects your evasion (+4).
   Int:       It affects your intelligence (+3).
   rF:        It protects you from fire.
 Q - a ring of protection from fire
 U - a ring of willpower
Wands
 h - a wand of quicksilver (3)
 l - a wand of charming (2)
 y - a wand of polymorph (10)
 H - a wand of roots (6)
 M - a wand of mindburst (18)
 S - a wand of digging (2)
Scrolls
 m - 2 scrolls of torment
 p - a scroll of poison
 x - 7 scrolls of identify
 A - 4 scrolls of amnesia
 D - 2 scrolls of silence
 N - a scroll of fog
 O - 2 scrolls of enchant armour
 T - a scroll of acquirement
Potions
 b - 4 potions of magic
 c - 5 potions of curing
 d - 3 potions of heal wounds
 e - 3 potions of haste
 f - a potion of berserk rage
 o - a potion of lignification
 q - 4 potions of might
 r - 2 potions of invisibility
 C - 2 potions of brilliance {unknown}
 K - a potion of resistance
 P - a potion of mutation
Miscellaneous
 s - a phial of floods
 I - a condenser vane
 V - a phantom mirror


   Skills:
 - Level 4.0 Fighting
 + Level 8.9 Dodging
 + Level 12.8 Stealth
 + Level 6.6 Shields
 O Level 27 Spellcasting
 + Level 24.5 Conjurations
 + Level 7.3 Summonings
 + Level 2.7 Transmutations
 + Level 2.0 Fire Magic
 - Level 4.4 Ice Magic
 - Level 5.1 Air Magic
 O Level 27 Earth Magic
 * Level 13.0 Evocations


You had 7 spell levels left.
You knew the following spells:

 Your Spells              Type           Power      Damage    Failure   Level
a - Sandblast             Erth           100%       2d20      0%          1
b - Passwall              Tmut/Erth      90%        N/A       0%          2
c - Stone Arrow           Conj/Erth      100%       3d13      0%          3
d - Petrify               Tmut/Erth      100%       N/A       0%          4
e - Scorch                Fire           94%        2d10      1%          2
f - Freezing Cloud        Conj/Ice/Air   39%        6-21      1%          5
g - Lee's Rapid Deconstr  Erth           67%        3d31*     0%          5
h - Lehudib's Crystal Sp  Conj/Erth      66%        10d15     1%          8
i - Shatter               Erth           67%        3d49*     1%          9
j - Summon Lightning Spi  Summ/Air       63%        N/A       1%          4
k - Iron Shot             Conj/Erth      66%        9d12      0%          6
l - Spellforged Servitor  Conj/Summ      44%        N/A       1%          7
m - Summon Cactus Giant   Summ           33%        N/A       5%          6

Your spell library contained the following spells:

 Spells                   Type           Power      Damage    Failure   Level
 Chain Lightning          Conj/Air       43%        3d57      38%         9
 Maxwell's Capacitive Co  Air            29%        ∞         80%         8
 Static Discharge         Conj/Air       100%       2-7/arc   0%          2
 Animate Armour           Summ/Erth      100%       N/A       0%          4
 Hailstorm                Conj/Ice       86%        3d17      0%          4
 Iskenderun's Battlesphe  Conj           100%       2d15      0%          5
 Apportation              Tloc           72%        N/A       1%          1
 Freeze                   Ice            100%       1d11      1%          1
 Slow                     Hex            100%       N/A       1%          1
 Summon Small Mammal      Summ           100%       N/A       1%          1
 Call Canine Familiar     Summ           66%        N/A       1%          3
 Frozen Ramparts          Ice            100%       1d16      1%          3
 Kindle Blastsparks       Fire/Tloc/Air  98%        2d18      1%          3
 Summon Guardian Golem    Hex/Summ       54%        N/A       1%          3
 Flame Wave               Conj/Fire      83%        2d18      1%          4
 Fulminant Prism          Conj/Hex       40%        3d20      1%          4
 Ice Form                 Ice/Tmut       54%        N/A       1%          4
 Iskenderun's Mystic Bla  Conj/Tloc      80%        2d16      1%          4
 Leda's Liquefaction      Hex/Erth       52%        N/A       1%          4
 Sticky Flame             Conj/Fire      83%        2d9       1%          4
 Arcjolt                  Conj/Air       43%        1d53      1%          5
 Confusing Touch          Hex            36%        N/A       2%          3
 Lesser Beckoning         Tloc           36%        N/A       2%          3
 Portal Projectile        Hex/Tloc       72%        N/A       2%          3
 Vampiric Draining        Necr           36%        2d8       2%          3
 Anguish                  Hex/Necr       18%        N/A       8%          4
 Dispel Undead            Necr           36%        3d15      8%          4
 Alistair's Intoxication  Tmut/Pois      28%        N/A       12%         5
 Simulacrum               Ice/Necr       24%        N/A       43%         6
 Storm Form               Tmut/Air       27%        N/A       77%         7
 Dragon Form              Tmut           25%        N/A       90%         7
 Enfeeble                 Hex            18%        N/A       99%         7
 Fire Storm               Conj/Fire      41%        8d11      58%         9
 Necromutation            Tmut/Necr      21%        N/A       100%        8
 Polar Vortex             Ice            28%        N/A       100%        9
 Cigotuvi's Dreadful Rot  Necr/Pois/Air  Unusable   N/A       N/A         2
 Sublimation of Blood     Necr           Unusable   N/A       N/A         2
 Statue Form              Tmut/Erth      Unusable   N/A       N/A         6

Dungeon Overview and Level Annotations

Branches:
Dungeon (1/1)

Altars:
Cheibriados
Dithmenos
Elyvilon
Fedhas
Gozag
Hepliaklqana
Kikubaaqudgha
Makhleb
Nemelex Xobeh
Okawaru
Qazlal
Ru
Sif Muna
Trog
Uskayaw
Vehumet
Wu Jian
Xom
Yredelemnul
Zin
The Shining One
Jiyva
Lugonu

Shops:
D :![*!(=[!![(([?=?*!::(


Innate Abilities, Weirdness & Mutations

You are immune to sickness and miasma.
Your stone body is resilient. (AC +12)
You are immune to poison.
Your large and strong wings let you fly.
You resist negative energy. (rN+)
You are resistant to electric shocks. (rElec)
You are resistant to unholy torment.
You are immune to petrification.
You are partially covered in iridescent scales. (AC +2)
You are clumsy. (Dex -2)
Your magical capacity is low. (-10% MP)


Message History

Ouch! That really hurt!
* * * LOW HITPOINT WARNING * * *
Unknown command.
Unknown command.
Blink to where?
Press: ? - help, Dir - move target, p - titan zombie
As you read the scroll of blinking, it crumbles to dust.
You feel much better.
You feel much better.
Okay, then.
Okay, then.
You're wearing all the rings you can.
Remove which one? (? for menu, Esc to cancel) < or
i - a ring of protection from fire > or
G - the ring of Wiggequc {rF+ EV+4 Int+3} You remove your ring of protection from fire.
Something conjures a glowing orb.
You feel your magic capacity increase.
Reactivating autopickup.
E - the ring "Teom" (left hand) {rF- rCorr MP+9 Slay+3 SInv} Unknown command.
Unknown command.
Okay, then.
Casting: Lehudib's Crystal Spear (dangerous; 1% risk of failure)
Confirm with . or Enter, or press ? or * to list all spells.
Aiming: Lee's Rapid Deconstruction (safe; 0% risk of failure)
Press: ? - help, Dir - move target A metal wall.
You feel a surge of power!
The metal wall shatters!
The blast of metal fragments hits Boris!!!
You destroy Boris!
Vehumet accepts your kill.
You feel your power returning.
Boris says, "This isn't the end, it's only just beginning!"
Your Evocations skill increases to level 13!
Unknown command.
Unknown command.
The orb of destruction hits you!!!!
Ouch! That really hurt!
You die...

♣♣.♣♣.~~~.♣ #§#..§§§§§#......#.
♣♣..♣♣♣♣♣♣~♣ #.#..§§§§§###''###.
♣.....°°°.[♣ #....§§.§§#.8..8.#)
♣.~....°...♣ #########§#......##
♣.♣.°..~~~.♣ #.#.#.#.#........#[
♣♣♣♣♣♣♣♣∩∩∩♣ #................#'
♣♣♣♣♣ #................#.
*********########'##############.
*,~,,,,~,#...*##@..##,*~~~~~~**#)
*~,,,,,,~#.°,##○....##+*,~~,~*,#.
*,,,,,,,,#Z###○○.....#**,,,,~*,▓'
*,,,,,,,,+..Z○.......+,,,,,,,,,▓.
*,,,,,,,,#'###.......#****,,~*,▓.
*~,,,,,,~#~~~##.....##^^,**,~*,▓.
*,~,,,,~,#'#'###...##*^*,,**+**▓.
****++***#.#.# ##+##**,**,**,,,▓.
*,,+,,,,,#'#####,~~~+*^**,****,▓.


You could see a titan zombie.

Vanquished Creatures
  Sojobo (D)
  2 royal mummies (D)
  Boris (D)
  A golden dragon (D)
  3 bone dragons (D)
  Rupert (D)
  A lich (D)
  A deep elf master archer (D)
  Gastronok (D)
  A quicksilver dragon (D)
  2 sphinxes (D)
  Chuck (D)
  A nagaraja (D)
  Dowan (D)
  2 shadow dragons (D)
  A fire giant (D)
  3 frost giants (D)
  2 stone giants (D)
  3 vampire knights (D)
  A deep elf demonologist (D)
  2 dire elephants (D)
  3 deep elf annihilators (D)
  Azrael (D)
  A fire dragon (D)
  4 mummy priests (D)
  2 deep elf death magi (D)
  3 ice dragons (D)
  2 yaktaur captains (D)
  Erolcha (D)
  3 hydras (D)
  16 vault guards (D)
  2 centaur warriors (D)
  An ogre mage (D)
  9 anacondas (D)
  Urug (D)
  4 death yaks (D)
  A naga warrior (D)
  4 dancing weapons (D)
  2 orc high priests (D)
  2 deep elf knights (D)
  7 skeletal warriors (D)
  A deep troll (shapeshifter) (D)
  A lindwurm (shapeshifter) (D)
  A death drake (D)
  A spectral iron dragon (D)
  A spriggan druid (D)
  A deep elf zephyrmancer (D)
  2 obsidian statues (D)
  3 deep elf pyromancers (D)
  A lindwurm (D)
  2 oklob plants (D)
  A cyclops (shapeshifter) (D)
  4 ugly things (D)
  4 crystal guardians (D)
  An orc sorcerer (D)
  2 elephants (D)
  8 black mambas (D)
  A guardian serpent (D)
  4 statues (D)
  Duvessa (D)
  2 cane toads (D)
  A rime drake (D)
  A komodo dragon (D)
  An anaconda simulacrum (D)
  3 yaktaurs (D)
  16 guardian mummies (D)
  2 tyrant leeches (D)
  3 wandering mushrooms (D)
  A queen bee (D)
  4 spriggan defenders (D)
  A merfolk (shapeshifter) (D)
  6 slime creatures (D)
  8 blink frogs (D)
  2 spriggans (D)
  A shadow (D)
  A culicivora (shapeshifter) (D)
  5 redbacks (D)
  A spatial vortex (D)
  A naga (D)
  An iron troll simulacrum (D)
  4 hydra simulacra (D)
  A floating eye (D)
  3 water moccasins (D)
  A swamp drake (D)
  2 orc warriors (D)
  5 two-headed ogres (D)
  A necrophage (D)
  A water elemental (D)
  32 killer bees (D)
  An electric eel (D)
  A jelly (D)
  3 orc priests (D)
  Crazy Yiuf (D)
  A wizard (D)
  Jessica (D)
  3 necromancers (D)
  3 orc wizards (D)
  3 humans (D)
  A kobold demonologist (D)
  3 adders (D)
  2 swamp drake simulacra (D)
  An adder zombie (D)
  11 orcs (D)
  A ball python zombie (D)
  A jackal simulacrum (D)
  2 rats (D)
  A bush (D)
  8 butterflies (D)
  2 plants (D)
302 creatures vanquished.

Vanquished Creatures (collateral kills)
  A naga (D)
1 creature vanquished.

Vanquished Creatures (others)
  A bush (D)
  25 plants (D)
26 creatures vanquished.

Grand Total: 329 creatures vanquished

Notes
Turn   | Place    | Note
-------+----------+-------------------------------------------
     0 | D        | mhtbhm the Gargoyle Earth Elementalist began the quest for
                  | the Orb.
     0 | D        | Reached XP level 1. HP: 10/10 MP: 3/3
    34 | D        | Noticed Jessica
    35 | D        | Killed Jessica
    36 | D        | Reached XP level 2. HP: 15/15 MP: 2/5
    36 | D        | Reached XP level 3. HP: 19/19 MP: 2/7
    50 | D        | Learned a level 2 spell: Passwall
    54 | D        | Learned a level 3 spell: Stone Arrow
   257 | D        | Noticed Crazy Yiuf
   263 | D        | Killed Crazy Yiuf
   264 | D        | Reached XP level 4. HP: 9/24 MP: 1/9
   473 | D        | Gained mutation: You occasionally lose the ability to drink
                  | potions when taking damage. [potion of mutation]
   474 | D        | Lost mutation: You occasionally lose the ability to drink
                  | potions when taking damage. [potion of mutation]
   474 | D        | Gained mutation: You are clumsy. (Dex -2) [potion of
                  | mutation]
   474 | D        | Gained mutation: Your magical capacity is low. (-10% MP)
                  | [potion of mutation]
   474 | D        | Gained mutation: You are partially covered in iridescent
                  | scales. (AC +2) [potion of mutation]
   475 | D        | Noticed a water elemental
   478 | D        | Killed a water elemental
   479 | D        | Reached skill level 1 in Transmutations
   479 | D        | Reached XP level 5. HP: 4/28 MP: 5/10
   746 | D        | Found a radiant altar of Vehumet.
   746 | D        | Found a shimmering blue altar of Sif Muna.
   746 | D        | Found an ancient bone altar of Kikubaaqudgha.
   749 | D        | Reached skill level 5 in Spellcasting
   749 | D        | Reached skill level 10 in Earth Magic
   752 | D        | Noticed a sixfirhy
   761 | D        | Became a worshipper of Vehumet
   769 | D        | Learned a level 4 spell: Petrify
   914 | D        | Found a basalt altar of Yredelemnul.
   914 | D        | Found a shadowy altar of Dithmenos.
   914 | D        | Found a sacrificial altar of Ru.
   919 | D        | Reached XP level 6. HP: 28/33 MP: 7/13
  1069 | D        | Found a glowing silver altar of Zin.
  1069 | D        | Found a glowing golden altar of the Shining One.
  1069 | D        | Found a white marble altar of Elyvilon.
  1069 | D        | Noticed a deep elf pyromancer
  1071 | D        | Noticed a fire elemental
  1071 | D        | Noticed a fire elemental
  1072 | D        | Noticed a fire elemental
  1072 | D        | Killed a deep elf pyromancer
  1072 | D        | Reached * piety under Vehumet
  1072 | D        | Offered knowledge of Foxfire by Vehumet.
  1073 | D        | Reached skill level 1 in Fighting
  1073 | D        | Reached skill level 5 in Stealth
  1073 | D        | Reached skill level 1 in Conjurations
  1073 | D        | Reached XP level 7. HP: 38/38 MP: 9/17
  1220 | D        | Found a hide-covered altar of Uskayaw.
  1220 | D        | Found an iron altar of Okawaru.
  1220 | D        | Found a bloodstained altar of Trog.
  1220 | D        | Found an ornate altar of the Wu Jian Council.
  1220 | D        | Noticed a human
  1220 | D        | Noticed a human
  1228 | D        | Killed a human
  1229 | D        | Killed a human
  1230 | D        | Reached XP level 8. HP: 27/43 MP: 3/19
  1347 | D        | Noticed a shadow
  1351 | D        | Killed a shadow
  1351 | D        | Offered knowledge of Shock by Vehumet.
  1351 | D        | Reached ** piety under Vehumet
  1352 | D        | Reached skill level 10 in Spellcasting
  1472 | D        | Found a blossoming altar of Fedhas.
  1472 | D        | Found a stormy altar of Qazlal.
  1472 | D        | Found a snail-covered altar of Cheibriados.
  1472 | D        | Found a burning altar of Makhleb.
  1472 | D        | Found a shimmering altar of Xom.
  1473 | D        | Found a hazy altar of Hepliaklqana.
  1473 | D        | Found an opulent altar of Gozag.
  1473 | D        | Found a sparkling altar of Nemelex Xobeh.
  1473 | D        | Found a corrupted altar of Lugonu.
  1473 | D        | Found a viscous altar of Jiyva.
  1476 | D        | Reached skill level 15 in Earth Magic
  1522 | D        | Offered knowledge of Scorch by Vehumet.
  1526 | D        | Learned a level 2 spell: Scorch
  1619 | D        | Reached *** piety under Vehumet
  1730 | D        | Noticed a two-headed ogre
  1735 | D        | Killed a two-headed ogre
  1736 | D        | Reached XP level 9. HP: 21/49 MP: 7/21
  1911 | D        | Noticed Erolcha
  1912 | D        | Noticed a two-headed ogre
  1914 | D        | Killed Erolcha
  1914 | D        | Offered knowledge of Iskenderun's Mystic Blast by Vehumet.
  1915 | D        | Reached skill level 5 in Conjurations
  1915 | D        | Reached skill level 1 in Fire Magic
  1917 | D        | Killed a two-headed ogre
  1918 | D        | Reached skill level 1 in Evocations
  2005 | D        | Reached **** piety under Vehumet
  2127 | D        | Offered knowledge of Yara's Violent Unravelling by Vehumet.
  2177 | D        | Noticed a wandering mushroom
  2181 | D        | Noticed a wandering mushroom
  2184 | D        | Killed a wandering mushroom
  2186 | D        | Noticed a wandering mushroom
  2190 | D        | Killed a wandering mushroom
  2191 | D        | Reached XP level 10. HP: 56/56 MP: 12/24
  2356 | D        | Reached ***** piety under Vehumet
  2356 | D        | Offered knowledge of Freezing Cloud by Vehumet.
  2363 | D        | Learned a level 5 spell: Freezing Cloud
  2442 | D        | Noticed an orc sorcerer
  2442 | D        | Noticed an orc high priest
  2447 | D        | Noticed a rust devil
  2447 | D        | Killed an orc high priest
  2457 | D        | Killed an orc sorcerer
  2462 | D        | Offered knowledge of Irradiate by Vehumet.
  2496 | D        | Found Etocotiz's General Store.
  2636 | D        | Noticed a cane toad
  2636 | D        | Noticed a cane toad
  2642 | D        | Killed a cane toad
  2731 | D        | Killed a cane toad
  2731 | D        | Offered knowledge of Lee's Rapid Deconstruction by Vehumet.
  2891 | D        | Learned a level 5 spell: Lee's Rapid Deconstruction
  3209 | D        | Reached XP level 11. HP: 50/60 MP: 14/26
  3270 | D        | Noticed a lindwurm
  3273 | D        | Killed a lindwurm
  3273 | D        | Reached ****** piety under Vehumet
  3274 | D        | Reached skill level 15 in Spellcasting
  3314 | D        | Offered knowledge of Arcjolt by Vehumet.
  3352 | D        | Noticed Urug
  3363 | D        | Killed Urug
  3596 | D        | Noticed a four-headed hydra
  3596 | D        | Noticed a four-headed hydra
  3601 | D        | Killed a four-headed hydra
  3601 | D        | Killed a four-headed hydra
  3602 | D        | Reached skill level 1 in Ice Magic
  3602 | D        | Reached skill level 1 in Air Magic
  3635 | D        | Noticed a death drake
  3640 | D        | Killed a death drake
  3764 | D        | Noticed an ice dragon
  3783 | D        | Found a blossoming altar of Fedhas.
  3783 | D        | Noticed a spriggan druid
  3786 | D        | Killed a spriggan druid
  3786 | D        | Offered knowledge of Ozocubu's Refrigeration by Vehumet.
  3926 | D        | Reached skill level 5 in Dodging
  3928 | D        | Offered knowledge of Eringya's Noxious Bog by Vehumet.
  4058 | D        | Noticed a deep elf knight
  4058 | D        | Noticed a deep elf knight
  4058 | D        | Noticed a deep elf zephyrmancer
  4058 | D        | Noticed a deep elf pyromancer
  4058 | D        | Noticed a deep elf pyromancer
  4068 | D        | Killed a deep elf pyromancer
  4068 | D        | Killed a deep elf knight
  4068 | D        | Offered knowledge of Lehudib's Crystal Spear by Vehumet.
  4070 | D        | Killed a deep elf pyromancer
  4071 | D        | Reached XP level 12. HP: 66/66 MP: 13/30
  4074 | D        | Killed a deep elf knight
  4184 | D        | Learned a level 8 spell: Lehudib's Crystal Spear
  4207 | D        | Noticed a deep elf death mage
  4210 | D        | Killed a deep elf death mage
  4228 | D        | Noticed a deep elf annihilator
  4231 | D        | Identified the +0 short sword of Fury {freeze, rF+ Dex+2
                  | Stlth+}
  4231 | D        | Identified the ring "Teom" {rF- rCorr MP+9 Slay+3 SInv}
  4231 | D        | Noticed a deep elf annihilator
  4418 | D        | Identified the ring of Wiggequc {rF+ EV+4 Int+3}
  4418 | D        | Noticed a deep elf death mage
  4420 | D        | Noticed a deep elf master archer
  4854 | D        | Killed a deep elf annihilator
  4855 | D        | Reached skill level 10 in Conjurations
  5124 | D        | Noticed a deep elf annihilator
  5128 | D        | Killed a deep elf death mage
  5128 | D        | Offered knowledge of Shatter by Vehumet.
  5128 | D        | Offered knowledge of Chain Lightning by Vehumet.
  5128 | D        | Offered knowledge of Maxwell's Capacitive Coupling by
                  | Vehumet.
  5132 | D        | Killed a deep elf annihilator
  5144 | D        | Killed a deep elf annihilator
  5144 | D        | Noticed a deep elf demonologist
  5458 | D        | Killed a deep elf demonologist
  5461 | D        | Killed a deep elf master archer
  5787 | D        | Noticed Dowan
  5787 | D        | Noticed Duvessa
  5791 | D        | Killed Dowan
  5793 | D        | Killed Duvessa
  5990 | D        | Learned a level 9 spell: Shatter
  6097 | D        | Found Lozuw's Magic Scroll Emporium.
  6097 | D        | Found Icel's Distillery.
  6097 | D        | Found Cudud's Magic Scroll Boutique.
  6097 | D        | Found Fuplulit's Weapon Shoppe.
  6097 | D        | Found Hoimn's Jewellery Boutique.
  6097 | D        | Found Ywarohes's General Store.
  6097 | D        | Found Nylaim's Antique Armour Shoppe.
  6097 | D        | Found Fyskoggyr's Book Shop.
  6097 | D        | Found Ucepru Howu's Antique Weapon Shop.
  6097 | D        | Found Guxkiss's Weapon Emporium.
  6097 | D        | Found Ytest's Book Boutique.
  6137 | D        | Bought a pair of translucent gloves for 256 gold pieces
  6137 | D        | Identified the +0 pair of gloves of the Doldrums {rElec}
                  | (You bought it in a shop in the Dungeon)
  6142 | D        | Bought a shiny helmet for 202 gold pieces
  6153 | D        | Bought a steaming leather armour for 189 gold pieces
  6153 | D        | Identified the +0 leather armour of the Uplifting Gods {rC-
                  | Regen+ Str+6} (You bought it in a shop in the Dungeon)
  6164 | D        | Bought a scroll of blinking for 82 gold pieces
  6164 | D        | Bought a scroll of acquirement for 572 gold pieces
  6164 | D        | Acquired a staff of earth
  6192 | D        | Bought a scroll of acquirement for 676 gold pieces
  6192 | D        | Acquired the +2 pair of gloves of the Pit {Regen+ Int+2
                  | Dex+4}
  6219 | D        | Reached XP level 13. HP: 70/70 MP: 26/33
  6767 | D        | Noticed a fire dragon
  6769 | D        | Killed a fire dragon
  6986 | D        | Noticed a yaktaur captain
  7047 | D        | Killed a yaktaur captain
  7149 | D        | Noticed a bone dragon
  7156 | D        | Killed a bone dragon
  7157 | D        | Reached skill level 27 in Earth Magic
  7360 | D        | Noticed a vampire knight
  7361 | D        | Killed a vampire knight
  7390 | D        | Noticed a bone dragon
  7396 | D        | Killed a bone dragon
  7525 | D        | Noticed a bone dragon
  7535 | D        | Killed a bone dragon
  7536 | D        | Gained mutation: Your large and strong wings let you fly.
                  | [Gargoyle growth]
  7536 | D        | Reached XP level 14. HP: 76/76 MP: 21/36
  7598 | D        | Noticed a vampire knight
  7600 | D        | Killed a vampire knight
  7663 | D        | Noticed a vampire knight
  7665 | D        | Killed a vampire knight
  7721 | D        | Identified the +1 robe "Zasaja" {rF+ rN++ Int-2}
  7991 | D        | Noticed a sphinx
  7991 | D        | Noticed a sphinx
  7994 | D        | Killed a sphinx
  7994 | D        | Killed a sphinx
  8133 | D        | Noticed Chuck
  8138 | D        | Killed Chuck
  8149 | D        | Identified the +1 robe "Noeret" {Will+ SInv}
  8431 | D        | Got Vouroot's Precepts of the Transforming Traveller
  8433 | D        | Got Sif Muna's Grimoire of Altered Left-Handed Secrets
  8435 | D        | Got the Volume of the Flock
  8437 | D        | Got Cerebov's Lectures on the Pyre
  8440 | D        | Identified the amulet "Tuti" {Faith rPois Dex-4 SInv}
  8442 | D        | Identified the +4 ring mail "Bibops" {rN+}
  8688 | D        | Noticed Azrael
  8689 | D        | Killed Azrael
  8720 | D        | Acquired 631 gold pieces
  8724 | D        | Acquired 758 gold pieces
  8914 | D        | Learned a level 4 spell: Summon Lightning Spire
  8921 | D        | Learned a level 6 spell: Iron Shot
  8929 | D        | Learned a level 7 spell: Spellforged Servitor
  8963 | D        | Noticed a dire elephant
  8963 | D        | Noticed a dire elephant
  8970 | D        | Killed a dire elephant
  8973 | D        | Killed a dire elephant
  9080 | D        | Noticed Gastronok
  9084 | D        | Killed Gastronok
  9137 | D        | Noticed an azure jelly
  9137 | D        | Noticed an azure jelly
  9137 | D        | Noticed an azure jelly
  9145 | D        | Noticed an azure jelly
  9147 | D        | Noticed Rupert
  9163 | D        | Killed Rupert
  9267 | D        | Reached skill level 1 in Shields
  9267 | D        | Reached skill level 27 in Spellcasting
  9267 | D        | Reached XP level 15. HP: 67/80 MP: 35/41
  9411 | D        | Reached skill level 15 in Conjurations
  9603 | D        | Noticed a nagaraja
  9610 | D        | Killed a nagaraja
  9611 | D        | Reached skill level 1 in Summonings
  9686 | D        | Found Gepuif's Book Boutique.
  9686 | D        | Found Wut Quqil's Distillery.
  9692 | D        | Found Piumob Silo's Antique Armour Shop.
  9697 | D        | Bought a potion of resistance for 130 gold pieces
  9697 | D        | Bought a potion of invisibility for 104 gold pieces
  9699 | D        | Bought a faintly glowing robe for 182 gold pieces
  9699 | D        | Identified the +1 robe of Subjectivity {rF+ Will+ Int+4
                  | Archmagi} (You bought it in a shop in the Dungeon)
  9722 | D        | Got a serpentine rune of Zot
  9954 | D        | Found Leageh's Distillery.
  9954 | D        | Found Iskavoga's Antique Weapon Shop.
  9954 | D        | Found Ilidgh's Jewellery Shoppe.
  9961 | D        | Bought a potion of haste for 130 gold pieces
  9989 | D        | Got a decaying rune of Zot
 10252 | D        | Reached skill level 5 in Air Magic
 10281 | D        | Found Zehod's Armour Emporium.
 10281 | D        | Found Toiwki's Distillery.
 10281 | D        | Found Samm's Distillery.
 10281 | D        | Found Jaistrux's Armour Shoppe.
 10329 | D        | Bought a potion of heal wounds for 50 gold pieces
 10329 | D        | Bought a potion of heal wounds for 50 gold pieces
 10331 | D        | Bought a potion of haste for 100 gold pieces
 10331 | D        | Bought a potion of curing for 30 gold pieces
 10331 | D        | Bought a potion of curing for 30 gold pieces
 10383 | D        | Bought a book of the Hunter for 260 gold pieces
 10383 | D        | Bought a book of Scorching for 300 gold pieces
 10390 | D        | Learned a level 6 spell: Summon Cactus Giant
 10396 | D        | Bought a scroll of fog for 40 gold pieces
 10403 | D        | Bought a scroll of enchant armour for 82 gold pieces
 10403 | D        | Bought a scroll of enchant armour for 82 gold pieces
 10404 | D        | Bought a potion of heal wounds for 65 gold pieces
 10404 | D        | Bought a potion of heal wounds for 65 gold pieces
 10404 | D        | Bought a potion of heal wounds for 65 gold pieces
 10404 | D        | Bought a potion of magic for 104 gold pieces
 10404 | D        | Bought a potion of mutation for 104 gold pieces
 10894 | D        | Reached skill level 10 in Stealth
 10901 | D        | Noticed a royal mummy
 10903 | D        | Identified the +1 short sword "Husa" {protect, Str+5}
 10905 | D        | Reached skill level 5 in Evocations
 10906 | D        | Killed a royal mummy
 10994 | D        | Noticed a royal mummy
 11001 | D        | Identified the +6 whip of Toleteuw {drain, +Blink Will++}
                  | (You took it off a mummy priest in the Dungeon)
 11006 | D        | Noticed an emperor scorpion
 11006 | D        | Noticed an emperor scorpion
 11010 | D        | Killed a royal mummy
 11011 | D        | Reached skill level 5 in Shields
 11186 | D        | Got a golden rune of Zot
 11275 | D        | Acquired 1001 gold pieces
 11279 | D        | Acquired the +6 Majin-Bo {vamp, MP+6 Int+6}
 11279 | D        | Found the +6 Majin-Bo {vamp, MP+6 Int+6}
 11285 | D        | Acquired 812 gold pieces
 11289 | D        | Acquired 845 gold pieces
 11293 | D        | Acquired 1107 gold pieces
 11394 | D        | Noticed Sojobo
 11401 | D        | Killed Sojobo
 11402 | D        | Reached skill level 5 in Summonings
 11524 | D        | Noticed a lich
 11525 | D        | Killed a lich
 11540 | D        | Noticed a shadow dragon
 11540 | D        | Noticed a shadow dragon
 11551 | D        | Killed a shadow dragon
 11553 | D        | Killed a shadow dragon
 11707 | D        | Noticed a frost giant
 11707 | D        | Noticed a frost giant
 11707 | D        | Noticed a quicksilver dragon
 11707 | D        | Noticed a fire giant
 11707 | D        | Noticed a golden dragon
 11709 | D        | Noticed a frost giant
 11710 | D        | Reached skill level 10 in Evocations
 11710 | D        | Reached XP level 16. HP: 84/84 MP: 42/42
 11711 | D        | Killed a quicksilver dragon
 11715 | D        | Killed a golden dragon
 11840 | D        | Got the Tome of Metamorphosis and the Stinger
 11852 | D        | Identified the +1 ring mail "Futhris" {rElec}
 11859 | D        | Got a silver rune of Zot
 12066 | D        | Noticed Boris
 12072 | D        | HP: 4/84 [something/iron shot (80)]
 12078 | D        | Killed Boris
 12079 | D        | Blown up by Boris

Illustrated notes

Levels and vault maps discovered:
D:        dungeon_sprint_mu [sprint_mu_entry_forest, sprint_mu_temple_rooms,
          sprint_mu_d1_spiders, sprint_mu_d2_genie, sprint_mu_d3_branching,
          sprint_mu_orc_legion, sprint_mu_elf_gauntlet, sprint_mu_hive_nellie,
          sprint_mu_lair_fedhas, sprint_mu_vaults_butterflies,
          sprint_mu_slime_circle, sprint_mu_swamp_cave, sprint_mu_snake_twists,
          sprint_mu_blade_basic, sprint_mu_crypt_chambers,
          sprint_mu_tomb_spiral, sprint_mu_vestibule_basic,
          sprint_mu_gehenna_hellfire, sprint_mu_dis_giant,
          sprint_mu_tartarus_statrot, sprint_mu_cocytus_islands, sprint_mu_zot1]

Skill      XL: |  1  2  3  4  5  6  7  8  9 10 11 12 13 14 15 16 |
---------------+-------------------------------------------------+-----
Earth Magic    | 6 8 9 11 13 14 15 17 19 21 24 27 | 27.0
Dodging        | 2 3 4 5 6 8 |  8.9
Stealth        | 3 4 5 6 7 11 12 | 12.8
Spellcasting   | 3 4 6 9 11 13 14 17 19 22 27 | 27.0
Transmutations | 1 2 |  2.7
Fighting       | 1 2 3 4 |  4.0
Conjurations   | 1 2 4 7 9 10 11 14 21 24 | 24.5
Fire Magic     | 1 2 |  2.0
Evocations     | 1 2 10 13 | 13.0
Ice Magic      | 2 3 4 |  4.4
Air Magic      | 1 2 3 5 |  5.1
Shields        | 1 5 6 |  6.6
Summonings     | 6 7 |  7.3

Action                   |  1- 3 |  4- 6 |  7- 9 | 10-12 | 13-15 | 16-18 || total
-------------------------+-------+-------+-------+-------+-------+-------++-------
Melee: Quarterstaff      |       |       |       |     2 |       |       ||     2
       Staff             |       |       |       |       |    12 |     4 ||    16
 Cast: Sandblast         |    12 |    14 |    13 |    32 |     3 |       ||    74
       Stone Arrow       |     1 |     2 |    37 |    45 |    23 |       ||   108
       Scorch            |       |       |     1 |     1 |       |       ||     2
       Lee's Rapid Decon |       |       |       |    53 |   123 |     4 ||   180
       Petrify           |       |       |       |     8 |       |       ||     8
       Passwall          |       |       |       |     2 |       |       ||     2
       Freezing Cloud    |       |       |       |    12 |    11 |       ||    23
       Lehudib's Crystal |       |       |       |     3 |    52 |     4 ||    59
       Summon Lightning  |       |       |       |       |     3 |       ||     3
       Shatter           |       |       |       |       |     1 |     4 ||     5
       Spellforged Servi |       |       |       |       |     1 |       ||     1
Evoke: Wand              |       |     1 |       |     2 |       |       ||     3
       Phial of floods   |       |       |       |     2 |       |       ||     2
       Condenser vane    |       |       |       |       |     2 |     1 ||     3
  Use: Potion            |       |     2 |       |     3 |     2 |     2 ||     9
       Scroll            |       |       |       |     6 |    12 |     1 ||    19
 Stab: Sleeping          |       |       |       |       |     1 |       ||     1
Armor: Robe              |     1 |     1 |     5 |    15 |    13 |       ||    35
Dodge: Dodged            |     3 |     6 |    12 |    30 |    21 |     3 ||    75
Block: Other             |       |       |       |       |     4 |     1 ||     5

Table legend: (Time is in decaauts) A = Elapsed time spent in this place. B = Non-inter-level travel time spent in this place. C = Inter-level travel time spent in this place. D = Time resting spent in this place. E = Time spent auto-exploring this place. F = Levels seen in this place. G = Mean time per level. A B C D E F G +--------+--------+--------+--------+--------+-----+--------+ Total | 12151 | 11967 | 184 | 8040 | 1 | 1 | 12151.0 | Dungeon | 12151 | 11967 | 184 | 8040 | 1 | 1 | 12151.0 | +--------+--------+--------+--------+--------+-----+--------+

Top non-repeatable levels by time:
       D: 12151 daAuts
